 Dungeon Crawl Stone Soup version 0.27-a0-1290-g15d3ce7508 (console) character file.

Game seed: 2750509768238895423

86 Hector the Chopper (level 4, -2/38 HPs)
             Began as a Ghoul Abyssal Knight on June 15, 2021.
             Was a Believer of Lugonu.
             Slain by an orc (4 damage)
             ... on level 3 of the Dungeon.
             The game lasted 00:05:08 (2090 turns).

Hector the Chopper (Ghoul Abyssal Knight)           Turns: 2090, Time: 00:05:08

Health: -2/38      AC:  4    Str: 16    XL:     4   Next: 49%
Magic:  4/4        EV: 11    Int:  7    God:    Lugonu [**....]
Gold:   145        SH:  0    Dex:  8    Spells: 3/3 levels left

rFire    . . .     SeeInvis +   a - +1 hand axe
rCold    + . .     Faith    .   (no shield)
rNeg     + + +     Spirit   .   b - +0 leather armour
rPois    ∞         Reflect  .   (no helmet)
rElec    .         Harm     .   (no cloak)
rCorr    .         Rampage  .   g - +0 pair of gloves
Will     .....                  (no boots)
Stlth    +.........             j - amulet of the acrobat
HPRegen  0.00/turn              S - ring of see invisible
MPRegen  0.09/turn              (no ring)

@: no status effects
A: claws 1, cold resistance 1, negative energy resistance 3, inhibited
regeneration, torment resistance 2
a: Renounce Religion, Depart the Abyss, Bend Space


You were on level 3 of the Dungeon.
You worshipped Lugonu.
Lugonu was pleased with you.
You visited 1 branch of the dungeon, and saw 3 of its levels.
You visited the Abyss 1 time.

You collected 145 gold pieces.

Inventory:

Hand Weapons
 a - a +1 hand axe (weapon)
 l - a +0 spear
Missiles
 c - 43 stones
 i - 6 boomerangs
 n - 3 atropa-tipped darts
Armour
 b - a +0 leather armour (worn)
 g - a +0 pair of gloves (worn)
 h - a +0 ring mail
Jewellery
 j - an amulet of the acrobat (around neck)
 S - a ring of see invisible (left hand)
Scrolls
 d - 2 scrolls of identify {unknown}
 k - 2 scrolls of enchant weapon {unknown}
 m - a scroll of amnesia {unknown}
Potions
 e - a potion of berserk rage
 f - a potion of attraction {unknown}
 o - a potion of curing {unknown}


   Skills:
 - Level 3.2 Fighting
 * Level 4.0 Axes
 - Level 1.7 Armour
 - Level 0.8 Dodging
 * Level 2.2 Invocations


You had 3 spell levels left.
You didn't know any spells.
Your spell library was empty.

Dungeon Overview and Level Annotations

Branches:
Dungeon (3/15)

Altars:

Annotations:
D:2 1 runed translucent door, 1 exclusion, Crazy Yiuf, Robin


Innate Abilities, Weirdness & Mutations

You thrive by killing the living.
You are immune to poison.
You have sharp fingernails.
Your flesh is cold resistant. (rC+)
You are immune to negative energy. (rN+++)
You do not regenerate when monsters are visible.
You are immune to unholy pain and torment.


Message History

The orc wizard is lightly wounded.
You hit the orc.
The orc wizard hits you with a +0 dagger.
The orc hits you with a +0 whip.
You closely miss the orc wizard.
The orc wizard is lightly wounded.
You hit the orc.
The orc wizard casts a spell.
The orc wizard flickers and vanishes for a moment.
The orc barely misses you.
You closely miss the orc wizard.
The orc wizard is lightly wounded.
You barely miss the orc.
The orc wizard hits you with a +0 dagger.
* * * LOW HITPOINT WARNING * * *
The orc misses you.
You slash the orc wizard!
The orc wizard is severely wounded.
You barely miss the orc.
The orc wizard gestures at you while chanting.
You resist with some effort. The orc hits you with a +0 whip.
* * * LOW HITPOINT WARNING * * *
The orc wizard points at you and mumbles some strange words.
The puff of flame hits you!
* * * LOW HITPOINT WARNING * * *
Unknown command.
Press: ? - help, v - describe, . - travel
Here: an orc wizard, wielding a +0 dagger and wearing a +0 robe (severely wounded, slightly transparent)
The floor, spattered with blood.
Unknown command.
It was a potion of berserk rage.
You feel slightly irritated. The orc barely misses you.
The orc wizard barely misses you.
You completely miss the orc wizard.
The orc wizard is severely wounded.
You hit the orc but do no damage. The orc barely misses you.
The orc wizard hits you but does no damage.
You completely miss the orc wizard.
The orc wizard is severely wounded.
You closely miss the orc. The orc hits you with a +0 whip.
You die...

#.# #.# #.#
#.# #..
#.##### .
#..<..## ..
#......# ...
#..@o..# ..
####o..#.#.##
#o.†.........
#o###.##.#.##
.. #.# .#
..#.#.....#.#
. #........
#.# #
#....... #..
.. #......
#..


You could see an orc wizard (invisible) and an orc.

Vanquished Creatures
  Jessica (D:2)
  A dart slug (D:2)
  2 orcs (D:3)
  4 bats
  3 endoplasms (D:1)
  2 giant cockroaches (D:1)
  9 goblins
  A hobgoblin (D:1)
  6 jackals (D:1)
  4 kobolds (D:1)
  3 quokkas (D:1)
  8 ball pythons
  2 frilled lizards (D:1)
  3 rats
49 creatures vanquished.

Notes
Turn   | Place    | Note
-------+----------+-------------------------------------------
     0 | Abyss:1  | Hector the Ghoul Abyssal Knight began the quest for the
                  | Orb.
     0 | Abyss:1  | Reached XP level 1. HP: 19/19 MP: 1/1
     3 | Abyss:1  | Noticed a smoke demon
    11 | Abyss:1  | Noticed a bone dragon
    12 | D:1      | Escaped the Abyss
   201 | D:1      | Reached skill level 2 in Axes
   227 | D:1      | Reached XP level 2. HP: 25/26 MP: 2/2
   295 | D:1      | Reached * piety under Lugonu
   615 | D:1      | Reached skill level 3 in Axes
   624 | D:1      | Reached XP level 3. HP: 23/31 MP: 3/3
  1519 | D:2      | Reached ** piety under Lugonu
  1779 | D:2      | Noticed Jessica
  1803 | D:2      | Killed Jessica
  1804 | D:2      | Reached XP level 4. HP: 38/38 MP: 4/4
  1854 | D:2      | Found a runed translucent door.
  1855 | D:2      | Noticed Crazy Yiuf
  1913 | D:2      | Reached skill level 4 in Axes
  1941 | D:2      | Identified the +2 helmet "Cisuf Esk" {rCorr}
  1941 | D:2      | Noticed Robin
  2090 | D:3      | Slain by an orc

Illustrated notes

Levels and vault maps discovered:
D:1:      minmay_arrival_shattered_statue, layout_loops_ring,
          hangedman_decor_push, minmay_misc_feat_plants
D:2:      layout_loops_ring, lightli_corner_chamber, uniq_crazy_yiuf_cottage,
          uniq_robin, uniq_jessica
D:3:      layout_basic, st_stairs_5, kennysheep_generic_room_3

Skill      XL: |  1  2  3  4 |
---------------+-------------+-----
Axes           | 2 3 4 |  4.0
Fighting       | |  3.2
Armour         | |  1.7
Dodging        | |  0.8
Invocations    | |  2.2

Action                   |  1- 3 |  4- 6 || total
-------------------------+-------+-------++-------
Melee: Hand axe          |   141 |    29 ||   170
Invok: Depart the Abyss  |     1 |       ||     1
  Use: Potion            |       |     1 ||     1
Armor: Leather armour    |    52 |     5 ||    57
Dodge: Dodged            |   100 |    24 ||   124

Table legend: (Time is in decaauts)
 A = Elapsed time spent in this place.
 B = Non-inter-level travel time spent in this place.
 C = Inter-level travel time spent in this place.
 D = Time resting spent in this place.
 E = Time spent auto-exploring this place.
 F = Levels seen in this place.
 G = Mean time per level.
                   A        B        C        D        E       F      G
               +--------+--------+--------+--------+--------+-----+--------+
         Total |   2116 |   1983 |    133 |      0 |   1494 |   4 |  529.0 |
       Dungeon |   2104 |   1971 |    133 |      0 |   1491 |   3 |  701.3 |
         Abyss |     12 |     12 |      0 |      0 |      3 |   1 |   12.0 |
               +--------+--------+--------+--------+--------+-----+--------+

Top non-repeatable levels by time:
     D:1: 1246 daAuts
     D:2: 808 daAuts
     D:3: 49 daAuts
 Abyss:1: 12 daAuts
